 Dungeon Crawl Stone Soup version 0.31-a0-1206-g41278d8d1d (webtiles) character file.

Game seed: 557086635388191006

93757 barkas the Black Belt (level 15, -20/136 HPs)
             Began as a Pale Draconian Shapeshifter on Dec 14, 2023.
             Was a High Priest of Nemelex Xobeh.
             Killed from afar by an ice statue (35 damage)
             ... with a bolt of cold
             ... on level 15 of the Dungeon.
             The game lasted 01:13:56 (28200 turns).

barkas the Black Belt (DrSh)                       Turns: 28200, Time: 01:13:57

Health: -20/136    AC: 17    Str: 17    XL:     15   Next: 61%
Magic:  0/23       EV: 15    Int: 11    God:    Nemelex Xobeh [*****.]
Gold:   1650       SH: 15    Dex: 17    Spells: 14/14 levels left

rFire   + .          .
                       - Unarmed
rCold   . . .        b - +2 tower shield {reflect}
rNeg    . . .        (body armour unavailable)
rPois   .            F - +2 hat of the Bear Spirit {Spirit, Bear, *Rage Will++}
rElec   .            x - +0 cloak
rCorr   .            (no gloves)
SInv    .            a - +0 pair of boots
Will    +++..        z - amulet of the acrobat
Stlth   ++           G - +4 ring of protection
HPRegen 0.42/turn    Q - ring of protection from fire
MPRegen 0.18/turn

%: random rage (20%), reflection, acrobat, guardian spirit
@: maw-form, slowed, very slow
A: devouring maw, breathe steam, AC +9, unfitting armour, cold-blooded, steam
resistance
a: Breathe Steam, Begin Untransformation, Renounce Religion, Draw Escape, Draw
Destruction, Draw Summoning, Triple Draw, Deal Four, Stack Five


You were on level 15 of the Dungeon.
You worshipped Nemelex Xobeh.
Nemelex Xobeh was extremely pleased with you.
You were a creature with a mouth for a stomach.
You visited 3 branches of the dungeon, and saw 21 of its levels.
You also visited: Gauntlet.

You collected 2201 gold pieces.
You spent 551 gold pieces at shops.

Inventory:

Hand Weapons
 s - the +4 dagger of the Harvest {flame, rPois rN+ Will+ Dex+4}
   (You found it on level 2 of the Lair of Beasts)

   Dex+4:     It affects your dexterity (+4).
   rPois:     It protects you from poison rN+: It protects you from negative
   energy.
   Will+:     It increases your willpower.
Missiles
 l - 73 poisoned darts (quivered)
 M - 2 throwing nets
Armour
 a - a +0 pair of boots (worn)
 b - a +2 tower shield of reflection (worn)
 c - the +2 pair of gloves of Jaho {Harm Int-4 Slay+5}
   (You found it in a Gauntlet)

   Int-4:     It affects your intelligence (-4).
   Slay+5:    It affects your accuracy & damage with ranged weapons and melee
   (+5).
   Harm:      It increases damage dealt and taken.
 n - a scarf of repulsion
 x - a +0 cloak (worn)
 F - the +2 hat of the Bear Spirit (worn) {Spirit, Bear, *Rage Will++}
   (You bought it in a shop on level 14 of the Dungeon)

   Bear:      Going berserk makes the wearer exceptionally tough, and they are
   slowed for a shorter time afterward.
   Will++:    It greatly increases your willpower.
   *Rage:     It berserks you when you make melee attacks (+20% chance).
Jewellery
 f - a +4 ring of protection
 z - an amulet of the acrobat (around neck)
 C - a ring of see invisible
 G - a +4 ring of protection (left hand)
 Q - a ring of protection from fire (right hand)
 X - a ring of protection from cold
Talismans
 o - a dragon-blood talisman
 t - a maw talisman (active)
 v - a serpent talisman
Wands
 q - a wand of acid (21)
 L - a wand of digging (14)
 P - a wand of mindburst (14)
 U - a wand of roots (23)
 W - a wand of paralysis (9)
Scrolls
 e - a scroll of fear
 h - 3 scrolls of vulnerability {unknown}
 k - 5 scrolls of fog
 r - 4 scrolls of revelation
 u - 5 scrolls of noise {unknown}
 w - 4 scrolls of brand weapon {unknown}
 B - 9 scrolls of teleportation
 D - 5 scrolls of blinking
 J - 2 scrolls of amnesia {unknown}
 R - 2 scrolls of butterflies {unknown}
 T - 2 scrolls of enchant armour {unknown}
 V - 2 scrolls of immolation
Potions
 d - 5 potions of heal wounds
 g - 4 potions of magic
 i - 5 potions of haste
 j - 2 potions of enlightenment
 A - 6 potions of curing
 E - 3 potions of brilliance
 H - a potion of cancellation
 I - 2 potions of might
 N - 3 potions of mutation
 O - 2 potions of invisibility
 S - 4 potions of ambrosia
 Z - a potion of attraction
Miscellaneous
 m - a lightning rod (4/4)
 p - a condenser vane
 y - a phantom mirror
 Y - a phial of floods


   Skills:
 + Level 13.2 Fighting
 + Level 11.2 Dodging
 + Level 3.2 Shields
 * Level 16.9 Unarmed Combat
 + Level 11.5 Invocations
 + Level 11.2 Shapeshifting


You had 14 spell levels left.
You didn't know any spells.
Your spell library contained the following spells:

 Spells                   Type           Power      Damage    Failure   Level
 Apportation              Tloc           0%         N/A       98%         1
 Sting                    Tmut/Pois      0%         1d3       98%         1
 Blink                    Tloc           0%         N/A       99%         2
 Jinxbite                 Hex            0%         N/A       99%         2
 Poisonous Vapours        Pois/Air       0%         N/A       99%         2
 Sublimation of Blood     Necr           0%         N/A       99%         2
 Wereblood                Tmut           0%         N/A       99%         2
 Call Canine Familiar     Summ           0%         N/A       100%        3
 Sigil of Binding         Hex            0%         N/A       100%        3
 Volatile Blastmotes      Fire/Tloc      0%         2d10      100%        3
 Dimensional Bullseye     Hex/Tloc       0%         N/A       100%        4
 Fulminant Prism          Conj/Hex       0%         3d5       100%        4
 Iskenderun's Mystic Bla  Conj/Tloc      0%         2d3       100%        4
 Leda's Liquefaction      Hex/Erth       0%         N/A       100%        4
 Manifold Assault         Tloc           0%         N/A       100%        4
 Olgreb's Toxic Radiance  Pois           0%         N/A       100%        4
 Alistair's Intoxication  Tmut/Pois      0%         N/A       100%        5
 Borgnjor's Vile Clutch   Necr/Erth      0%         N/A       100%        5
 Eringya's Noxious Bog    Tmut/Pois      0%         4d6       100%        6
 Summon Hydra             Summ           0%         N/A       100%        7


Dungeon Overview and Level Annotations

Branches:
Dungeon (15/15)            Temple (1/1) D:7            Lair (5/5) D:8
  Swamp (0/4) Lair:2       Spider (0/4) Lair:3        Slime (0/5) Lair:5
    Orc (0/2) D:11         Vaults (0/5) D:13         Depths (0/4) D:15
Gauntlet (visited)

Altars:
Ashenzari
Cheibriados
Dithmenos
Elyvilon
Fedhas
Gozag
Hepliaklqana
Kikubaaqudgha
Makhleb
Nemelex Xobeh
Okawaru
Qazlal
Ru
Sif Muna
Trog
Uskayaw
Vehumet
Wu Jian
Xom
Yredelemnul
Zin
The Shining One
Jiyva
Lugonu

Shops:
D:8 [   D:14 [

Portals:
Abyss: Lair:5
Ice
Cave: D:15

Annotations:
D:15 exclusion: 2 ice statues
Abyss:1 Grum


Innate Abilities, Weirdness & Mutations

You are a creature with a mouth for a stomach.
Your midsection houses a second, enormous mouth.
You can breathe blasts of scalding, opaque steam.
Your pale cyan-grey scales are hard. (AC +9)
You cannot fit into any form of body armour.
You are cold-blooded and may be slowed by cold attacks.
You are immune to the effects of steam.


Message History

You feel as though you will be slow longer.
You recover from your berserk rage.
The ice beast completely misses barkas's illusion.
The ice statue gestures at you. The freezing blast misses you.
The ice beast hits you but does no damage.
Barkas's illusion is engulfed in freezing vapours.
Barkas's illusion hits the ice beast!
You block the ice beast's attack.
The ice beast hits you but does no damage.
The ice beast completely misses barkas's illusion. x2
You block the ice beast's attack.
Barkas's illusion is engulfed in freezing vapours.
Barkas's illusion hits the ice beast!!
The ice beast dies!
The ice beast disappears in a puff of smoke!
The ice beast hits you but does no damage.
You block the ice beast's attack.
The ice beast completely misses barkas's illusion.
You hit the ice statue.
You tail-slap the ice statue, but do no damage.
The ice statue is almost destroyed.
You hear the loud crackling of a melting archway.
You are engulfed in freezing vapours.
* * * LOW HITPOINT WARNING * * *
You block the ice beast's attack. The ice statue gestures at you.
The freezing blast misses you.
The ice statue gestures.
Barkas's illusion is engulfed in freezing vapours.
Barkas's illusion hits the ice statue.
You block the ice beast's attack. The ice beast hits you.
* * * LOW HITPOINT WARNING * * *
The ice beast freezes you!
* * * LOW HITPOINT WARNING * * *
The ice beast hits barkas's illusion but does no damage.
The ice statue gestures at you.
The bolt of cold hits the ice statue.
The ice statue completely resists.
The bolt of cold hits you!!!
You die...
Your body disappears without a glow.

...≈§≈(..,,...,O..,,,,,,,,,,,,,8,
...§≈≈§.#,...##........[,,,,,,,,,
≈≈≈≈#§..###....^........,,,,,,,,,
≈#≈≈≈§...#...............,,,,,,,,
.≈.≈......................,,,,,,,
......#.†...[...8Y.§......,,,,,,,
#.#......)#.....°○○......,,,,,,,,
.......=.†.....Y8Y☼○...#*****,,,,
.......).......○W@☼...## *,,8,
.##......#.....○○YY...##*****,,,,
....##...###)<....°.#...,,,,*,,,,
....#....##.....##..####***,,,,**
....#...#..?#.#.##..#### ****,**
....#......##.#.#...#### ***
....#.....###.)....#####
.............)..<#.#####
.......########..#.#####*


You could see 2 ice statues, 5 ice beasts and the friendly barkas's illusion
(summoned).

Vanquished Creatures
  An ironbound thunderhulk (D:13)
  A minotaur (Gauntlet)
  Josephine (Lair:5)
  An entropy weaver (shapeshifter) (Lair:5)
  A great orb of eyes (Gauntlet)
  3 hydras
  2 ogre magi
  2 vault guards (D:13)
  4 centaur warriors
  3 catoblepae
  6 two-headed ogres
  2 boulder beetles
  4 death yaks
  A tengu warrior (D:13)
  3 thrashing horrors (Lair:5)
  Urug (Lair:1)
  Nergalle (Lair:1)
  Lodul (D:9)
  A skyshark (Lair:4)
  A swamp dragon (Lair:2)
  An arcanist (D:14)
  4 large abominations (Lair:5)
  An orc knight (D:13)
  3 lindwurms (Lair:4)
  2 deep elf pyromancers
  7 ugly things
  5 oklob plants
  5 cyclopes
  A worldbinder (Gauntlet)
  Maurice (D:7)
  A manticore (D:14)
  23 elephants
  3 gargoyles
  7 black mambas
  15 cane toads
  Jeremiah (D:7)
  Maggie (Lair:1)
  2 unseen horrors (D:11)
  A rime drake (shapeshifter) (Lair:5)
  6 komodo dragons
  A freezing wraith (D:15)
  4 rime drakes
  A tengu conjurer (D:10)
  3 meliai (D:12)
  4 trolls
  5 polar bears
  29 blink frogs
  A raiju (Lair:5)
  6 dream sheep
  3 slime creatures
  2 centaur simulacra
  A water elemental (D:15)
  3 culicivoras (Lair:3)
  11 small abominations (Lair:5)
  2 spriggans
  8 shadows
  A ynoxinul (Lair:5)
  3 vampires
  41 yaks
  3 wyverns
  3 wraiths
  A human (shapeshifter) (Lair:5)
  2 humans (D:13)
  4 basilisks
  3 steam dragons
  A fire elemental (D:14)
  3 chaos spawn (Lair:5)
  4 vampire mosquitoes
  Menkaure (D:7)
  An acid dragon (D:11)
  16 water moccasins
  3 orc warriors
  A meliai simulacrum (D:15)
  6 ice beasts
  A sky beast (D:6)
  A black bear (D:8)
  11 ogres
  42 wolves
  A boggart (shapeshifter) (D:10)
  6 boggarts
  14 centaurs
  6 kobold brigands
  2 gnoll sergeants
  7 bullfrogs
  2 scorpions (D:6)
  4 wights (D:9)
  8 killer bees
  5 electric eels
  3 howler monkeys
  4 jellies
  A gnoll bouda (D:10)
  6 orc priests
  6 hounds
  Jessica (D:3)
  3 sleepcaps
  7 iguanas
  Natasha (thrice) (D:4)
  18 orc wizards
  12 gnolls
  3 adders
  3 white imps
  2 ufetubi (D:5)
  31 orcs
  6 ball pythons
  7 endoplasms
  3 giant cockroaches
  10 goblins
  4 hobgoblins
  2 jackals (D:2)
  3 quokkas
  6 bats
  A frilled lizard (D:1)
  28 kobolds
  7 rats
601 creatures vanquished.

Vanquished Creatures (collateral kills)
  A boulder beetle (D:15)
  A two-headed ogre (D:15)
  3 ugly things (D:15)
  A torpor snail (Lair:5)
  2 dream sheep (Lair:5)
8 creatures vanquished.

Grand Total: 609 creatures vanquished

Notes
Turn   | Place    | Note
-------+----------+-------------------------------------------
     0 | D:1      | barkas the Draconian Shapeshifter began the quest for the
                  | Orb.
     0 | D:1      | Reached XP level 1. HP: 16/16 MP: 1/1
   190 | D:1      | Reached XP level 2. HP: 23/23 MP: 2/2
   861 | D:2      | Reached XP level 3. HP: 29/29 MP: 3/3
  1711 | D:3      | Noticed Jessica
  1714 | D:3      | Killed Jessica
  1715 | D:3      | Reached skill level 4 in Unarmed Combat
  1715 | D:3      | Reached XP level 4. HP: 36/36 MP: 4/4
  2485 | D:4      | Reached XP level 5. HP: 42/42 MP: 5/5
  2489 | D:4      | Noticed an ogre
  2500 | D:4      | Killed an ogre
  2501 | D:4      | Reached XP level 6. HP: 25/51 MP: 6/6
  2683 | D:4      | Reached skill level 5 in Unarmed Combat
  3815 | D:4      | Noticed Natasha
  3824 | D:4      | Killed Natasha
  4789 | D:4      | Noticed Natasha
  4796 | D:4      | Killed Natasha
  4859 | D:4      | Noticed Natasha
  4867 | D:4      | Killed Natasha
  4922 | D:5      | Entered Level 5 of the Dungeon
  5204 | D:5      | Your scales start taking on a pale cyan-grey colour.
  5204 | D:5      | Reached XP level 7. HP: 42/57 MP: 7/7
  5204 | D:5      | Gained mutation: You are immune to the effects of steam.
                  | [Pale Draconian growth]
  5331 | D:5      | Reached skill level 6 in Unarmed Combat
  6055 | D:6      | Reached XP level 8. HP: 67/67 MP: 8/8
  6510 | D:6      | Reached skill level 7 in Unarmed Combat
  6510 | D:6      | Reached skill level 5 in Shapeshifting
  6566 | D:7      | Reached skill level 5 in Fighting
  6570 | D:7      | Noticed Maurice
  7067 | D:7      | Noticed Jeremiah
  7178 | D:7      | Reached skill level 8 in Unarmed Combat
  7269 | D:7      | Found a staircase to the Ecumenical Temple.
  7273 | D:7      | Reached skill level 5 in Dodging
  7278 | Temple   | Entered the Ecumenical Temple
  7287 | Temple   | Became a worshipper of Nemelex Xobeh the Trickster
  7323 | D:7      | Reached XP level 9. HP: 75/75 MP: 9/9
  7442 | D:7      | Noticed Menkaure
  7446 | D:7      | Killed Menkaure
  7447 | D:7      | Reached skill level 1 in Invocations
  7475 | D:7      | Killed Maurice
  7703 | D:7      | Reached skill level 9 in Unarmed Combat
  7748 | D:7      | Killed Jeremiah
  7856 | D:8      | Found Boskeave's Antique Armour Emporium.
  8079 | D:8      | Found a staircase to the Lair.
  8089 | D:8      | Noticed a troll
  8283 | D:8      | Reached XP level 10. HP: 39/84 MP: 12/12
  8584 | D:8      | Reached * piety under Nemelex Xobeh
  8865 | D:8      | Received a gift from Nemelex Xobeh
  8880 | D:8      | Found a sacrificial altar of Ru.
  8904 | D:8      | Found a snail-covered altar of Cheibriados.
  9075 | D:8      | Reached skill level 10 in Unarmed Combat
  9515 | D:9      | Noticed a two-headed ogre
  9519 | D:9      | Noticed a two-headed ogre
  9523 | D:9      | Killed a two-headed ogre
  9527 | D:9      | Killed a two-headed ogre
  9528 | D:9      | Reached skill level 5 in Invocations
  9697 | D:9      | Found the +8 pair of quick blades "Gyre" and "Gimble"
                  | {protect}
  9783 | D:9      | Found an iron altar of Okawaru.
  9877 | D:9      | Reached XP level 11. HP: 94/94 MP: 14/14
 10328 | D:10     | Entered Level 10 of the Dungeon
 10328 | D:10     | Noticed Lodul
 10590 | D:9      | Found an iron altar of Okawaru.
 10798 | D:9      | Killed Lodul
 10799 | D:9      | Reached skill level 11 in Unarmed Combat
 11340 | D:10     | Reached skill level 1 in Shields
 12208 | D:10     | Found an ancient bone altar of Kikubaaqudgha.
 12527 | D:11     | Found a staircase to the Orcish Mines.
 12720 | D:11     | Reached ** piety under Nemelex Xobeh
 13022 | D:11     | Reached skill level 12 in Unarmed Combat
 13668 | D:12     | Reached XP level 12. HP: 83/104 MP: 15/17
 13803 | D:12     | Received a gift from Nemelex Xobeh
 14076 | D:12     | Reached *** piety under Nemelex Xobeh
 14613 | D:13     | Noticed a boulder beetle
 14675 | D:13     | Killed a boulder beetle
 14692 | D:12     | HP: 4/157 [meliai/divine providence (14)]
 15067 | Lair:1   | Entered Level 1 of the Lair of Beasts
 15276 | Lair:1   | Found the +7 staff of the Meek {protect, meekguard}
 15364 | Lair:1   | Noticed Nergalle
 15372 | Lair:1   | Killed Nergalle
 15384 | Lair:1   | Reached skill level 10 in Fighting
 15557 | Lair:1   | Received a gift from Nemelex Xobeh
 15705 | Lair:1   | Reached skill level 13 in Unarmed Combat
 15962 | Lair:1   | Noticed Maggie
 15977 | Lair:1   | Noticed Grum
 15979 | Lair:1   | Killed Maggie
 15997 | Lair:1   | Banished Grum
 16280 | Lair:1   | Received a gift from Nemelex Xobeh
 16280 | Lair:1   | Noticed Urug
 16284 | Lair:1   | Killed Urug
 16410 | Lair:1   | Reached **** piety under Nemelex Xobeh
 16797 | Lair:2   | Identified the +4 dagger of the Harvest {flame, rPois rN+
                  | Will+ Dex+4}
 16824 | Lair:2   | Found a staircase to the Swamp.
 17195 | Lair:2   | Reached XP level 13. HP: 89/114 MP: 19/19
 18358 | Lair:3   | Received a gift from Nemelex Xobeh
 18565 | Lair:3   | Found a hole to the Spider Nest.
 18681 | Lair:3   | Reached skill level 14 in Unarmed Combat
 19208 | Lair:3   | Received a gift from Nemelex Xobeh
 19469 | Lair:3   | Reached ***** piety under Nemelex Xobeh
 19694 | Lair:3   | Received a gift from Nemelex Xobeh
 21999 | Lair:4   | Reached XP level 14. HP: 92/124 MP: 21/21
 22598 | Lair:5   | Entered Level 5 of the Lair of Beasts
 22729 | Lair:5   | Reached skill level 15 in Unarmed Combat
 22750 | Lair:5   | Reached skill level 10 in Shapeshifting
 22770 | Lair:5   | Reached skill level 10 in Dodging
 22782 | Lair:5   | Identified the +2 long sword "Nasm" {freeze, rPois Int+3}
 22962 | Lair:5   | Reached skill level 10 in Invocations
 23152 | Lair:5   | Noticed Josephine
 23170 | Lair:5   | Killed Josephine
 23954 | Lair:5   | Identified the +8 mace of Wuhuthas {venom, rPois}
 24020 | Lair:5   | Found a viscous altar of Jiyva.
 24020 | Lair:5   | Found a staircase to the Slime Pits.
 24616 | Lair:5   | Identified the +9 flail of Loving Peril {venom, rPois
                  | Int+3}
 24635 | Lair:5   | Reached skill level 16 in Unarmed Combat
 25003 | Lair:5   | Found a corrupted altar of Lugonu.
 25003 | Lair:5   | Found a one-way gate to the infinite horrors of the Abyss.
 25074 | Lair:5   | Received a gift from Nemelex Xobeh
 25576 | D:13     | Reached XP level 15. HP: 123/134 MP: 23/23
 26390 | D:13     | Found a faded altar of an unknown god.
 26391 | D:13     | Found a hazy altar of Hepliaklqana.
 26602 | D:13     | Found a gate to the Vaults.
 26636 | D:14     | Received a gift from Nemelex Xobeh
 26844 | D:14     | Found Arab's Armour Boutique.
 26853 | D:14     | Bought a +0 pair of boots for 63 gold pieces
 26853 | D:14     | Bought the +2 hat of the Bear Spirit {Spirit, Bear, *Rage
                  | Will++} for 488 gold pieces
 26853 | D:14     | Found the +2 hat of the Bear Spirit {Spirit, Bear, *Rage
                  | Will++}
 27066 | D:14     | Found a hide-covered altar of Uskayaw.
 27092 | D:14     | Received a gift from Nemelex Xobeh
 27646 | D:15     | Entered Level 15 of the Dungeon
 27707 | D:15     | Found a gate leading to a gauntlet.
 27717 | Gauntlet | Entered a Gauntlet
 27717 | Gauntlet | Found a transporter.
 27720 | Gauntlet | Found a transporter.
 27722 | Gauntlet | Found a transporter.
 27735 | Gauntlet | Found a transporter.
 27736 | Gauntlet | Found a transporter.
 27749 | Gauntlet | Found a transporter.
 27763 | Gauntlet | Found a transporter.
 27767 | Gauntlet | Found a transporter.
 27787 | Gauntlet | Found a transporter.
 27791 | Gauntlet | Found a transporter.
 27800 | Gauntlet | Found a transporter.
 27801 | Gauntlet | Found a transporter.
 27823 | Gauntlet | Found a transporter.
 27828 | Gauntlet | Received a gift from Nemelex Xobeh
 27840 | Gauntlet | Found a transporter.
 27935 | Gauntlet | Identified the +2 pair of gloves of Jaho {Harm Int-4
                  | Slay+5}
 27965 | Gauntlet | Identified the ring "Seukhlay" {rF- rC+ rCorr Slay+4}
 28055 | D:15     | Found a frozen archway.
 28200 | D:15     | Killed from afar by an ice statue

Illustrated notes

Levels and vault maps discovered:
D:1:      spicycebolla_arrival_clurvy, layout_loops_ring
D:2:      layout_basic, serial_bayou_pond_c, minmay_tetromino_t4
D:3:      layout_loops_cross, kennysheep_orc_chapel, uniq_jessica
D:4:      layout_basic, uniq_natasha
D:5:      layout_loops_ring
D:6:      layout_gridville
D:7:      layout_gridville, minmay_temple_entry_mini_moons,
          hangedman_abyss_or_decor_stabs, uniq_maurice, uniq_jeremiah,
          uniq_menkaure
D:8:      layout_cave_pods, nicolae_ru_the_path_less_chosen,
          lemuel_doored_altar, erik_lair_island, serial_glass, glass_columns_c,
          glass_columns_a, glass_columns_c, glass_columns_c, glass_columns_a,
          glass_columns_c, glass_columns_a, glass_columns_a, glass_columns_a,
          glass_columns_a, glass_columns_a, glass_columns_a, glass_columns_c,
          glass_columns_c, nicolae_stop_n_shop_1
D:9:      layout_roguey, okawaru_ov_weapons_minmay,
          hellmonk_guarded_unrand_gyre_and_gimble
D:10:     minmay_bloctagon_deflated, layout_basic, marbit_many_paths,
          enter_bailey_3, uniq_lodul
D:11:     layout_gridville, orc_0_dummy, grunt_ministairs_6
D:12:     layout_stronghold, palyth_stone_intersect, grunt_decor_resistance
D:13:     layout_loops_ring, hellmonk_vaults_keyhole, minmay_misc_feat_five,
          beargit_hepliaklqana_dungeon_heroes
D:14:     layout_cave_pods, serial_shops, shop, dk_noncrumbling_3,
          nicolae_uskayaw_suspiria
D:15:     grunt_enter_depths_giant_problem, layout_rooms,
          gauntlet_entry_generic, serial_ice, serial_ice_i, serial_ice_o,
          serial_ice_n, serial_ice_g, serial_ice_h, serial_ice_a, serial_ice_e,
          serial_ice_d, serial_ice_m, serial_ice_c,
          portal_ice_cave_entry_ice_statue_two, minmay_misc_feat_four_crosses
Temple:   compressed_dpeg_circular_temple
Lair:1:   layout_cave_pods, lemuel_old_faithful, grunt_megastairs_2, uniq_urug,
          uniq_grum, uniq_nergalle, uniq_maggie
Lair:2:   layout_loops_ring, minmay_swamp_entry_reptiles
Lair:3:   minmay_lair_oklob_tunnel, layout_regular_city,
          hellmonk_spider_entry_life_and_decay, nicolae_lair_grazing_beasts
          [nicolae_sub_lair_graze_edge, nicolae_sub_lair_graze_edge,
          nicolae_sub_lair_graze_edge, nicolae_sub_lair_graze_edge]
Lair:4:   layout_small_grid, nicolae_lair_lindhole, grunt_megastairs_5,
          infiniplex_staircase_pool
Lair:5:   hellmonk_lair_end_abyssal_woods, layout_loops_ring,
          dpeg_slime_entry_enclosed, nicolae_lair_grove_arrangements,
          serial_bayou_pond_d, patterned_corridor, uniq_josephine

Skill      XL: |  1  2  3  4  5  6  7  8  9 10 11 12 13 14 15 |
---------------+----------------------------------------------+-----
Dodging        | 2 3 4 5 6 7 8 9 10 11 | 11.2
Fighting       | 2 3 4 5 6 8 9 10 11 12 13 | 13.2
Unarmed Combat | 4 5 6 8 9 10 12 13 14 16 | 16.9
Shapeshifting  | 4 5 6 7 8 9 10 11 | 11.2
Invocations    | 3 5 6 8 9 10 11 | 11.5
Shields        | 2 3 |  3.2

Action                     |  1- 3 |  4- 6 |  7- 9 | 10-12 | 13-15 || total
---------------------------+-------+-------+-------+-------+-------++-------
  Melee: Unarmed           |    96 |   121 |   108 |   569 |  1014 ||  1908
         Tailslap          |    14 |     9 |    18 |    57 |   192 ||   290
         Punch             |     1 |       |       |       |    15 ||    16
         Constrict         |       |       |       |    40 |    12 ||    52
         Maw               |       |       |       |       |   249 ||   249
  Throw: Dart              |       |    10 |    13 |     2 |     4 ||    29
 Invoke: Draw Destruction  |       |       |       |     6 |     3 ||     9
         Draw Summoning    |       |       |       |     2 |     4 ||     6
         Draw Escape       |       |       |       |     2 |       ||     2
         Triple Draw       |       |       |       |       |     1 ||     1
Ability: Breathe Steam     |       |       |    40 |    46 |    70 ||   156
         Begin Untransform |       |       |       |     1 |       ||     1
  Evoke: Wand              |       |       |     5 |     6 |     2 ||    13
    Use: Potion            |       |     2 |     2 |     3 |       ||     7
         Scroll            |       |     5 |       |     3 |    16 ||    24
   Stab: Sleeping          |     2 |       |       |       |       ||     2
         Distracted        |       |       |       |       |     3 ||     3
 Armour: Skin              |    47 |    79 |    61 |   322 |   514 ||  1023
  Dodge: Dodged            |    42 |    50 |    78 |   412 |   724 ||  1306
  Block: Buckler           |     3 |    15 |    19 |    47 |    77 ||   161
         Tower shield      |       |       |       |       |   195 ||   195
         Reflection        |       |       |       |       |    17 ||    17
   Form: Flux              |       |       |       |     1 |     2 ||     3
         Serpent           |       |       |       |     1 |       ||     1
         Maw               |       |       |       |       |     2 ||     2
         Dragon            |       |       |       |       |     1 ||     1

Table legend: (Time is in decaauts)
 A = Elapsed time spent in this place.
 B = Non-inter-level travel time spent in this place.
 C = Inter-level travel time spent in this place.
 D = Time resting spent in this place.
 E = Time spent auto-exploring this place.
 F = Levels seen in this place.
 G = Mean time per level.
                   A        B        C        D        E       F      G
               +--------+--------+--------+--------+--------+-----+--------+
         Total |  27991 |  26317 |   1674 |   5456 |  15354 |  22 | 1272.3 |
       Dungeon |  17616 |  16288 |   1328 |   2561 |  10515 |  15 | 1174.4 |
        Temple |     18 |     10 |      8 |      0 |      0 |   1 |   18.0 |
          Lair |  10013 |   9676 |    337 |   2883 |   4839 |   5 | 2002.6 |
      Gauntlet |    343 |    343 |      0 |     11 |      0 |   1 |  343.0 |
               +--------+--------+--------+--------+--------+-----+--------+

Top non-repeatable levels by time:
  Lair:3: 2574 daAuts
     D:4: 2568 daAuts
  Lair:4: 2156 daAuts
     D:9: 2152 daAuts
  Lair:5: 2035 daAuts
  Lair:1: 1776 daAuts
     D:8: 1525 daAuts
    D:12: 1521 daAuts
  Lair:2: 1469 daAuts
    D:13: 1197 daAuts
     D:6: 1192 daAuts
    D:11: 1188 daAuts
    D:14: 1086 daAuts
     D:5: 935 daAuts
     D:2: 907 daAuts
